[Event "11th Chennai Open-GM 2019"]
[Site "Chennai"]
[Date "2019.01.24"]
[Round "9"]
[White "Deviatkin, Andrei"]
[Black "Paichadze, Luka"]
[Result "1/2-1/2"]
[ECO "B10"]
[WhiteElo "2461"]
[BlackElo "2583"]
[Annotator "ChessBase"]
[PlyCount "112"]
[EventDate "2019.01.18"]
[EventType "swiss"]
[EventCountry "IND"]
[SourceTitle "playchess.com"]
[Source "ChessBase"]
[SourceQuality "1"]
[TimeControl "5400+30"]

1. e4 c6 2. Nc3 d5 3. Qe2 dxe4 4. Nxe4 Nf6 5. Nf3 Bf5 6. d3 Na6 7. g3 Qd5 8. Nc3 Qd7 9. Bg2 Bh3 10. Ne5 Qe6 11. Bxh3 Qxh3 12. Bf4 Qe6 13. O-O Nd7 14. Rfe1 Nxe5 15. Qh5 g6 16. Qxe5 Qxe5 17. Bxe5 Rg8 18. a3 O-O-O 19. Ne4 Rd5 20. Bc3 Nc5 21. a4 Ne6 22. Rad1 Bh6 23. h4 Bg7 24. Bxg7 Rxg7 25. c3 h6 26. d4 Rg8 27. Rd2 Rgd8 28. Rde2 b6 29. f3 R8d7 30. Nf2 c5 31. Ng4 cxd4 32. Ne5 Rc7 33. Nxf7 dxc3 34. bxc3 Nc5 35. Rxe7 Nxa4 36. c4 Rxe7 37. Rxe7 Rd1+ 38. Kf2 a5 39. Ne5 Nb2 40. Re6 Kb7 41. Rxg6 a4 42. Rg7+ Ka6 43. Rg8 Rc1 44. g4 Nxc4 45. Nxc4 Rxc4 46. g5 hxg5 47. hxg5 b5 48. g6 Rc7 49. f4 a3 50. Ra8+ Ra7 51. Rxa7+ Kxa7 52. g7 a2 53. g8=Q a1=Q 54. Qf7+ Kb6 55. Qe6+ Kc5 56. Qe7+ Kc6 1/2-1/2

[Event "11th Chennai Open-GM 2019"]
[Site "Chennai"]
[Date "2019.01.24"]
[Round "9"]
[White "Khusenkhojaev, Muhammad"]
[Black "Sahoo, Utkal Ranjan"]
[Result "1/2-1/2"]
[ECO "D56"]
[WhiteElo "2455"]
[BlackElo "2388"]
[Annotator "RC"]
[PlyCount "120"]
[EventDate "2019.01.18"]
[EventType "swiss"]
[EventCountry "IND"]
[SourceTitle "playchess.com"]
[Source "ChessBase"]
[SourceQuality "1"]
[TimeControl "5400+30"]

1. d4 d5 2. c4 e6 3. Nc3 Nf6 4. Bg5 Be7 5. e3 O-O 6. Nf3 h6 7. Bh4 Ne4 8. Bxe7 Qxe7 9. Rc1 Nxc3 10. Rxc3 c6 11. Be2 Nd7 12. O-O dxc4 13. Bxc4 b6 14. Qe2 c5 15. Rfc1 cxd4 16. exd4 Qd6 17. Ba6 Bxa6 18. Qxa6 Nf6 19. a3 Qf4 20. h3 Rfd8 21. b4 Nd5 22. Rc8 Raxc8 23. Rxc8 Rxc8 24. Qxc8+ Kh7 25. Qc2+ g6 26. Kf1 Kg7 27. Ke2 a5 28. bxa5 bxa5 29. g3 Qd6 30. Qd3 Ne7 31. Qe3 Nc6 32. Qe4 Kf8 33. a4 Kg7 34. h4 h5 35. Kf1 Kf8 36. Ne5 Nxd4 37. Qa8+ Kg7 38. Qxa5 Qb8 39. Qc5 Qb1+ 40. Kg2 Qe4+ 41. Kh2 Kg8 42. Qc8+ Kh7 43. Nd7 Nf3+ 44. Kh3 Ng1+ 45. Kh2 Nf3+ 46. Kh3 Qg4+ 47. Kg2 Nxh4+ 48. Kh2 Nf3+ 49. Kg2 Nh4+ 50. Kh2 Nf3+ 51. Kg2 Qf5 52. Qc3 Ne1+ 53. Qxe1 Qd5+ 54. Kg1 Qxd7 55. a5 Qb5 56. Qa1 Qa6 57. Qa4 g5 58. Qb4 Qe2 59. Qb7 Qe1+ 60. Kg2 Qxa5 1/2-1/2

[Event "11th Chennai Open-GM 2019"]
[Site "Chennai"]
[Date "2019.01.24"]
[Round "9"]
[White "Lugovskoy, Maxim"]
[Black "Pantsulaia, Levan"]
[Result "0-1"]
[ECO "B40"]
[WhiteElo "2445"]
[BlackElo "2597"]
[Annotator "ChessBase"]
[PlyCount "104"]
[EventDate "2019.01.18"]
[EventType "swiss"]
[EventCountry "IND"]
[SourceTitle "playchess.com"]
[Source "ChessBase"]
[SourceQuality "1"]
[TimeControl "5400+30"]

1. e4 c5 2. Nf3 e6 3. c3 Nf6 4. e5 Nd5 5. d4 cxd4 6. cxd4 b6 7. Bc4 Bb7 8. O-O Qc8 9. b3 Be7 10. Ba3 Qd8 11. Bxe7 Nxe7 12. Nc3 O-O 13. Rc1 Nbc6 14. d5 Nb4 15. dxe6 fxe6 16. Qd6 Bxf3 17. gxf3 Nbc6 18. Rfd1 Ng6 19. Qxd7 Qg5+ 20. Kh1 Ncxe5 21. Qxe6+ Kh8 22. Qh3 Rxf3 23. Qg2 Qxg2+ 24. Kxg2 Nf4+ 25. Kf1 Ng4 26. Rd2 Rf8 27. Ne4 Nxh2+ 28. Kg1 Rh3 29. Ng5 g6 30. Nxh3 Nf3+ 31. Kh1 Nxd2 32. Ng5 Rf5 33. Rc2 Nxc4 34. Rxc4 Rxg5 35. Rxf4 Rf5 36. Ra4 Ra5 37. Rd4 Rxa2 38. Kg2 Kg7 39. Rd7+ Kh6 40. b4 g5 41. b5 Kg6 42. Rd5 h5 43. Kf3 Ra3+ 44. Kg2 h4 45. f3 Ra2+ 46. Kf1 h3 47. Kg1 Ra3 48. Kf2 h2 49. Kg2 Rxf3 50. Kxh2 Rf5 51. Rd7 Rxb5 52. Rxa7 Kf5 0-1

[Event "11th Chennai Open-GM 2019"]
[Site "Chennai"]
[Date "2019.01.24"]
[Round "9"]
[White "Czebe, Attila"]
[Black "Tran, Tuan Minh"]
[Result "1/2-1/2"]
[ECO "A05"]
[WhiteElo "2418"]
[BlackElo "2541"]
[Annotator "ChessBase"]
[PlyCount "100"]
[EventDate "2019.01.18"]
[EventType "swiss"]
[EventCountry "IND"]
[SourceTitle "playchess.com"]
[Source "ChessBase"]
[SourceQuality "1"]
[TimeControl "5400+30"]

1. Nf3 Nf6 2. c4 b6 3. g3 Bb7 4. Bg2 e6 5. O-O Be7 6. d3 d5 7. cxd5 exd5 8. Nd4 Qd7 9. e4 dxe4 10. dxe4 Bxe4 11. Bxe4 Nxe4 12. Re1 f5 13. Nc3 O-O 14. Nxe4 fxe4 15. Rxe4 Rf7 16. Bf4 c5 17. Qf3 Qb7 18. Re6 Qxf3 19. Nxf3 Nd7 20. Rd1 Bf6 21. Red6 Nf8 22. Ne5 Rb7 23. b3 Re8 24. Nc4 Rbe7 25. Ne3 Ng6 26. Nd5 Nxf4 27. gxf4 Re1+ 28. Rxe1 Rxe1+ 29. Kg2 Re2 30. Nxf6+ gxf6 31. a4 Rb2 32. Rd8+ Kf7 33. Rd7+ Kg6 34. Rxa7 h5 35. a5 Rxb3 36. Rb7 b5 37. a6 c4 38. a7 Ra3 39. Rxb5 Rxa7 40. Rc5 Ra4 41. h4 Rb4 42. Kf3 Rb3+ 43. Ke4 Rh3 44. f5+ Kh6 45. Rxc4 Rxh4+ 46. f4 Rh1 47. Rc7 Re1+ 48. Kf3 Rf1+ 49. Kg3 Rg1+ 50. Kf2 Rg7 1/2-1/2

[Event "11th Chennai Open-GM 2019"]
[Site "Chennai"]
[Date "2019.01.24"]
[Round "9"]
[White "Muthaiah AL"]
[Black "Maheswaran, P.."]
[Result "1-0"]
[ECO "A45"]
[WhiteElo "2406"]
[BlackElo "2207"]
[Annotator "ChessBase"]
[PlyCount "71"]
[EventDate "2019.01.18"]
[EventType "swiss"]
[EventCountry "IND"]
[SourceTitle "playchess.com"]
[Source "ChessBase"]
[SourceQuality "1"]
[TimeControl "5400+30"]

1. d4 Nf6 2. Bg5 g6 3. Bxf6 exf6 4. e3 d6 5. g3 f5 6. Bg2 Bg7 7. Ne2 Nd7 8. c4 Nf6 9. Nbc3 c6 10. O-O O-O 11. b4 Re8 12. b5 Bd7 13. Rb1 Qc7 14. Qd3 Rab8 15. Rfc1 h5 16. h4 Bh6 17. Nf4 Kg7 18. c5 dxc5 19. dxc5 Qe5 20. Qd4 Qxd4 21. exd4 Bxf4 22. gxf4 Red8 23. a4 Be8 24. Rd1 Rbc8 25. a5 Nd5 26. Bxd5 cxd5 27. Re1 Bd7 28. Re3 Be6 29. Ra1 Kf6 30. Kf1 Rb8 31. Ke2 Ke7 32. Kd2 Kd7 33. Kc2 Rdc8 34. Kb3 Rxc5 35. dxc5 d4+ 36. Rxe6 1-0

[Event "11th Chennai Open-GM 2019"]
[Site "Chennai"]
[Date "2019.01.24"]
[Round "9"]
[White "Padmini, Rout"]
[Black "Stupak, Kirill"]
[Result "1-0"]
[ECO "A05"]
[WhiteElo "2365"]
[BlackElo "2542"]
[Annotator "ChessBase"]
[PlyCount "100"]
[EventDate "2019.01.18"]
[EventType "swiss"]
[EventCountry "IND"]
[SourceTitle "playchess.com"]
[Source "ChessBase"]
[SourceQuality "1"]
[TimeControl "5400+30"]

1. Nf3 Nf6 2. g3 d5 3. Bg2 c5 4. O-O g6 5. c4 d4 6. b4 cxb4 7. d3 Nc6 8. a3 bxa3 9. Bxa3 Bg7 10. Nbd2 O-O 11. Qa4 Qc7 12. Rfb1 Rd8 13. Ra2 Bd7 14. Rab2 Rab8 15. Qc2 h6 16. Nb3 Bc8 17. Bc5 e5 18. Nbd2 b6 19. Ba3 Bd7 20. Ne1 a5 21. Qb3 Be6 22. Qd1 Na7 23. Nc2 Ne8 24. Ne4 Bf8 25. Qc1 g5 26. Bxf8 Kxf8 27. h4 f5 28. Nd2 g4 29. f3 Nf6 30. Nb3 Kg7 31. fxg4 fxg4 32. Nxa5 e4 33. Qf4 Qxf4 34. gxf4 exd3 35. exd3 Nh5 36. Rxb6 Rxb6 37. Rxb6 Bc8 38. f5 Nf6 39. Nb7 Re8 40. Nxd4 Re3 41. Nc5 g3 42. Bf3 Re5 43. Ne4 Ne8 44. Kg2 Kf8 45. Kxg3 Ra5 46. Kf4 Ra3 47. Nc5 Ra5 48. Nce6+ Ke7 49. Rb8 Ra3 50. Ra8 Nd6 1-0

[Event "11th Chennai Open-GM 2019"]
[Site "Chennai"]
[Date "2019.01.24"]
[Round "9"]
[White "Ritviz, Parab"]
[Black "Hegde, Ravi Gopal"]
[Result "1/2-1/2"]
[ECO "C72"]
[WhiteElo "2362"]
[BlackElo "2110"]
[Annotator "NA"]
[PlyCount "49"]
[EventDate "2019.01.18"]
[EventType "swiss"]
[EventCountry "IND"]
[SourceTitle "playchess.com"]
[Source "ChessBase"]
[SourceQuality "1"]
[TimeControl "5400+30"]

1. e4 e5 2. Nf3 Nc6 3. Bb5 a6 4. Ba4 d6 5. O-O g6 6. c3 Bg7 7. d4 Bd7 8. Re1 Nge7 9. Be3 O-O 10. Nbd2 Qe8 11. Bb3 Kh8 12. h3 f6 13. Nc4 a5 14. a4 g5 15. dxe5 dxe5 16. Bc5 b6 17. Ba3 Rd8 18. Qe2 g4 19. Nh4 Qh5 20. g3 Qg5 21. Ne3 gxh3 22. Kh2 Bh6 23. Rad1 Qg7 24. Nhf5 Qg6 25. Nxh6 1/2-1/2

[Event "11th Chennai Open-GM 2019"]
[Site "Chennai"]
[Date "2019.01.24"]
[Round "9"]
[White "Babiy, Olga"]
[Black "Megaranto, Susanto"]
[Result "0-1"]
[ECO "B06"]
[WhiteElo "2275"]
[BlackElo "2530"]
[Annotator "RC"]
[PlyCount "88"]
[EventDate "2019.01.18"]
[EventType "swiss"]
[EventCountry "IND"]
[SourceTitle "playchess.com"]
[Source "ChessBase"]
[SourceQuality "1"]
[TimeControl "5400+30"]

1. e4 g6 2. d4 Bg7 3. Nc3 c6 4. f4 d5 5. e5 Nh6 6. Nf3 O-O 7. Be3 Qb6 8. Na4 Qa5+ 9. c3 f6 10. Be2 Bg4 11. O-O Nd7 12. b4 Qc7 13. h3 Nf5 14. Bf2 Bxf3 15. Bxf3 Bh6 16. g3 fxe5 17. dxe5 e6 18. h4 b5 19. Nb2 Nb6 20. Qe2 a5 21. a3 Rf7 22. a4 Nc4 23. Nxc4 bxc4 24. Rfb1 axb4 25. Rxb4 Bf8 26. Rb2 Qa5 27. Qd2 Bc5 28. Bxc5 Qxc5+ 29. Kh2 Rfa7 30. g4 Nxh4 31. Bd1 g5 32. f5 h6 33. Rab1 exf5 34. gxf5 Nxf5 35. Bg4 Qe3 36. Qxe3 Nxe3 37. Be6+ Kg7 38. Rb7+ Kg6 39. Rxa7 Rxa7 40. Rb6 g4 41. Rxc6 Kg5 42. Rd6 Rxa4 43. Bxd5 Ra2+ 44. Kg1 g3 0-1